 Dungeon Crawl Stone Soup version 0.25-a0-1133-g93ebf739aa (webtiles) character file.

Game seed: 16024703888319070309, levelgen mode: deterministic

245 HoaS the Covered (level 6, -6/39 HPs)
             Began as a Gargoyle Fighter on May 22, 2020.
             Splashed by Ijyb's acid (12 damage)
             ... on level 3 of the Dungeon.
             The game lasted 00:05:37 (2376 turns).

HoaS the Covered (Gargoyle Fighter)                 Turns: 2376, Time: 00:05:37

Health: -6/39      AC: 14    Str: 21    XL:     6   Next: 10%
Magic:  6/6        EV:  4    Int:  9    God:
Gold:   71         SH:  9    Dex:  9    Spells: 5/5 levels left

rFire    . . .     SeeInvis .   a - +0 flail
rCold    . . .     Gourm    .   c - +0 kite shield
rNeg     + . .     Faith    .   v - +0 plate armour
rPois    ∞         Spirit   .   (no helmet)
rElec    +         Reflect  .   m - +1 cloak
rCorr    .         Harm     .   (no gloves)
MR       .....                  (no boots)
Stlth    ..........             (no amulet)
HPRegen  0.13/turn              (no ring)
MPRegen  0.10/turn              (no ring)

@: corroded
A: negative energy resistance 1, electricity resistance, unbreathing,
petrification resistance, rot immunity, AC +4
a: no special abilities


You were on level 3 of the Dungeon.
You were not hungry.

You visited 1 branch of the dungeon, and saw 3 of its levels.

You collected 71 gold pieces.

Inventory:

Hand Weapons
 a - a +0 flail (weapon)
Armour
 c - a +0 kite shield (worn)
 m - a +1 cloak (worn)
 v - a +0 plate armour (worn)
Jewellery
 l - a cursed amulet of inaccuracy {unknown}
 r - a +6 ring of intelligence {unknown}
Scrolls
 h - a scroll of identify {unknown}
 k - a scroll of teleportation {unknown}
 o - a scroll of enchant weapon {unknown}
 p - a scroll of remove curse {unknown}
 q - a scroll of amnesia {unknown}
 s - a scroll of fear {unknown}
Potions
 b - a potion of invisibility {unknown}
 d - 2 potions of might
 e - 2 potions of lignification {unknown}
 g - 5 potions of curing {unknown}
 i - a potion of brilliance {unknown}
 j - 2 potions of haste {unknown}
 n - 2 potions of flight {unknown}
 t - a potion of cancellation {unknown}
 u - a potion of berserk rage {unknown}
Comestibles
 f - 4 rations


   Skills:
 + Level 4.3 Fighting
 * Level 4.1 Maces & Flails
 + Level 4.4 Armour
 + Level 4.3 Shields


You had 5 spell levels left.
You didn't know any spells.
Your spell library contained the following spells:

 Spells                   Type           Power        Failure   Level  Hunger
 Beastly Appendage        Tmut           #.....       100%        1    ##.....
 Sticks to Snakes         Tmut           #.......     100%        2    ###....
 Spider Form              Tmut/Pois      #.........   100%        3    ####...
 Ice Form                 Ice/Tmut       #.......     100%        4    #####..
 Blade Hands              Tmut           #.........   100%        5    ######.


Dungeon Overview and Level Annotations

Branches:
Dungeon (3/15)

Altars:
Kikubaaqudgha

Annotations:
D:3 Ijyb, Sigmund


Innate Abilities, Weirdness & Mutations

You are resistant to torment.
Your stone body is resilient. (AC +4)
You are immune to poison.
You resist negative energy. (rN+)
You are resistant to electric shocks. (rElec)
You can survive without breathing.
You are immune to petrification.
You are immune to rotting.


Message History

You completely miss Ijyb.
Ijyb is heavily wounded.
You block Ijyb's attack. Sigmund hits you but does no damage.
Ijyb hits you but does no damage.
You hit Ijyb.
Ijyb is severely wounded.
Sigmund hits you but does no damage.
Ijyb zaps a wand.
The bolt of acid misses you.
Your shield and plate armour prevent you from hitting Ijyb.
Ijyb is severely wounded.
You block Ijyb's attack. Sigmund barely misses you.
You hit Ijyb.
Ijyb is severely wounded.
Ijyb barely misses you. You block Sigmund's attack.
You hit Ijyb but do no damage.
Ijyb is severely wounded.
Ijyb zaps a wand.
The bolt of acid hits you but does no damage.
You are splashed with acid!
You die...

......# #..# #.#
......#####'####.#
...............#.# ####.
...............#.#
##.....
...............#.#
.....[#
#####..........#.#
...s@.# #..........#.#
.....# #..........#.#
.....#
#..........#@#####.....#
#..........'g@...'....?+
#..........#....##.....#
#####'####.#....# ######
#)# #.#....# #.#
#......# #.# ##..####
#.# #..# #.# #.>#


You could see Sigmund and Ijyb.

Vanquished Creatures
  A black bear (D:3)
  3 gnolls (D:2)
  4 adders (D:2)
  3 oozes
  4 worms
  A dart slug (D:1)
  A leopard gecko (D:1)
  3 orcs (D:3)
  2 ball pythons (D:3)
  8 bats
  3 giant cockroaches
  4 goblins
  7 hobgoblins
  3 jackals (D:2)
  3 frilled lizards (D:2)
  8 kobolds
  3 rats (D:2)
61 creatures vanquished.

Vanquished Creatures (others)
  A human (D:2)
  A giant cockroach (D:3)
2 creatures vanquished.

Grand Total: 63 creatures vanquished

Notes
Turn   | Place    | Note
-------+----------+-------------------------------------------
     0 | D:1      | HoaS the Gargoyle Fighter began the quest for the Orb.
     0 | D:1      | Reached XP level 1. HP: 14/14 MP: 1/1
   268 | D:1      | Reached XP level 2. HP: 19/19 MP: 2/2
   544 | D:1      | Reached XP level 3. HP: 22/23 MP: 3/3
   741 | D:2      | Reached XP level 4. HP: 25/29 MP: 4/4
  1141 | D:2      | Found an ancient bone altar of Kikubaaqudgha.
  1141 | D:2      | Noticed a human
  1145 | D:2      | Killed a human
  1442 | D:2      | Reached XP level 5. HP: 33/33 MP: 5/5
  2096 | D:3      | Noticed a black bear
  2112 | D:3      | Killed a black bear
  2112 | D:3      | Reached XP level 6. HP: 31/39 MP: 6/6
  2356 | D:3      | Noticed Ijyb
  2356 | D:3      | Noticed Sigmund
  2376 | D:3      | Splashed by Ijyb's acid

Illustrated notes

Levels and vault maps discovered:
D:1:      dpeg_arrival_rooms_with_view, layout_loops_ring
D:2:      layout_basic, minmay_misc_feat_doors, tgw_kikubaaqudgha
D:3:      layout_basic, okawaru_altar_gauntlet_db, minmay_misc_feat_room,
          small_statue_alley_b, uniq_ijyb, uniq_sigmund, uniq_natasha

Skill      XL: |  1  2  3  4  5 |
---------------+----------------+-----
Maces & Flails | 3 4 |  4.1
Fighting       | 4 |  4.3
Shields        | 4 |  4.3
Armour         | 4 |  4.4

Action                   |  1- 3 |  4- 6 || total
-------------------------+-------+-------++-------
Melee: Flail             |    84 |   143 ||   227
  Eat: Chunk             |       |     5 ||     5
Armor: Scale mail        |    51 |    69 ||   120
       Plate armour      |       |    16 ||    16
Dodge: Dodged            |    26 |    44 ||    70
Block: Kite shield       |    44 |    64 ||   108

Table legend:
 A = Non-vault XP
 B = Vault XP
 C = Vault XP percentage of total XP
 D = Non-vault monster count
 E = Vault monster count
 F = Vault count percentage of total count
                 A         B        C        D         E       F
            +---------+---------+-------+---------+---------+-------
      Total |     341 |       9 |   2.6 |      59 |       2 |   3.3
            +---------+---------+-------+---------+---------+-------
        D:1 |      38 |       9 |  19.1 |      17 |       2 |  10.5
        D:2 |     146 |       0 |   0.0 |      30 |       0 |   0.0
        D:3 |     157 |       0 |   0.0 |      12 |       0 |   0.0
            +---------+---------+-------+---------+---------+-------
